 Dungeon Crawl Stone Soup version 0.29-a0-284-gf9362112df (webtiles) character file.

Game seed: 884444853484611680

24 mistaj the Skirmisher (level 3, -4/20 HPs)
             Began as a Vine Stalker Monk on Mar 19, 2022.
             Slain by a gnoll
             ... wielding a +0 whip
              (6 damage)
             ... on level 2 of the Dungeon.
             The game lasted 00:01:46 (1239 turns).

mistaj the Skirmisher (Vine Stalker Monk)           Turns: 1239, Time: 00:01:46

Health: -4/20      AC:  4    Str: 15    XL:     3   Next: 2%
Magic:  0/4        EV: 12    Int: 10    God:
Gold:   37         SH:  3    Dex: 16    Spells: 2/2 levels left

rFire   . . .      SeeInvis +   a - +0 short sword
rCold   . . .      Faith    .   h - +0 buckler
rNeg    . . .      Spirit   +   d - +0 leather armour
rPois   .          Reflect  .   k - +0 helmet
rElec   .          Harm     .   (no cloak)
rCorr   .          Rampage  .   (no gloves)
Will    .....                   (no boots)
Stlth   ++........              (no amulet)
HPRegen 0.06/turn               g - ring of see invisible
MPRegen 0.09/turn               (no ring)

@: no status effects
A: fangs 2, magic shield, antimagic bite, no potion heal 2
a: no special abilities


You were on level 2 of the Dungeon.
You visited 1 branch of the dungeon, and saw 2 of its levels.

You collected 37 gold pieces.

Inventory:

Hand Weapons
 a - a +0 short sword (weapon)
Armour
 d - a +0 leather armour (worn)
 h - a +0 buckler (worn)
 k - a +0 helmet (worn)
Jewellery
 g - a ring of see invisible (left hand)
 j - a ring of fire
Scrolls
 b - 2 scrolls of blinking {unknown}
 e - 2 scrolls of identify {unknown}
 f - a scroll of teleportation {unknown}
 l - a scroll of fear {unknown}
Potions
 c - a potion of ambrosia
 i - a potion of heal wounds {unknown}


   Skills:
 + Level 3.2 Fighting
 + Level 3.2 Short Blades
 - Level 2.4 Dodging
 - Level 2.4 Stealth


You had 2 spell levels left.
You didn't know any spells.
Your spell library was empty.

Dungeon Overview and Level Annotations

Branches:
Dungeon (2/15)

Altars:


Innate Abilities, Weirdness & Mutations

You have extremely sharp teeth.
When hurt, damage is shared between your health and your magic reserves.
Your bite disrupts and absorbs the magic of your enemies.
Potions cannot restore your health.


Message History

You barely miss the hobgoblin. You bite the hobgoblin. You drain its power.
The hobgoblin is moderately wounded.
The hobgoblin hits you.
You barely miss the hobgoblin. Your bite misses the hobgoblin.
The hobgoblin is moderately wounded.
You block the hobgoblin's attack.
You closely miss the hobgoblin.
The hobgoblin is moderately wounded.
You block the hobgoblin's attack.
You barely miss the hobgoblin.
The hobgoblin is moderately wounded.
The hobgoblin hits you.
You closely miss the hobgoblin.
The hobgoblin is moderately wounded.
You block the gnoll's attack.
The hobgoblin hits you but does no damage.
You hit the hobgoblin.
You kill the hobgoblin!
The gnoll hits you with a +0 whip.
You have reached level 3!
Your experience leads to an increase in your attributes!
Increase (S)trength, (I)ntelligence, or (D)exterity?
You feel stronger. x2
You hit the gnoll but do no damage. You bite the gnoll, but do no damage.
A gnoll comes into view. It is wielding a +0 club.
The gnoll hits you with a +0 whip!
* * * LOW HITPOINT WARNING * * *
The gnoll shouts!
You hit the gnoll. Your bite misses the gnoll.
The gnoll is moderately wounded.
The gnoll hits you with a +0 whip.
* * * LOW HITPOINT WARNING * * *
Unknown command.
A gnoll comes into view. It is wielding a +0 club.
The dart slug briefly extends its eye-stalks.
The gnoll attacks as you move away! The gnoll closely misses you.
The gnoll attacks as you move away! The gnoll hits you but does no damage.
You see here a dart slug corpse.
The gnoll attacks as you move away! The gnoll hits you with a +0 whip!
You die...

. ###########.
#.....##....
########.....##....
#<@g.g.†g..........
########...w...†.##
#####.....##
#....... #.......
#....... #.......
#....... #####...


You could see 3 gnolls.

Vanquished Creatures
  2 dart slugs
  2 endoplasms (D:1)
  2 giant cockroaches (D:1)
  A goblin (D:1)
  3 hobgoblins
  A jackal (D:2)
  2 quokkas (D:1)
  2 ball pythons
  A frilled lizard (D:1)
  2 rats (D:1)
18 creatures vanquished.

Notes
Turn   | Place    | Note
-------+----------+-------------------------------------------
     0 | D:1      | mistaj the Vine Stalker Monk began the quest for the Orb.
     0 | D:1      | Reached XP level 1. HP: 11/11 MP: 2/2
   247 | D:1      | Reached XP level 2. HP: 15/16 MP: 3/3
   925 | D:1      | Found a faded altar of an unknown god.
  1224 | D:2      | Reached XP level 3. HP: 13/20 MP: 1/4
  1225 | D:2      | HP: 1/20 [gnoll/+0 whip (5)]
  1239 | D:2      | Slain by a gnoll

Illustrated notes

Levels and vault maps discovered:
D:1:      wander_arrival_peaceful_grave, layout_loops_ring,
          chequers_ecumenical_altar_lobes, minivault_5
D:2:      layout_basic

Skill      XL: |  1  2 |
---------------+-------+-----
Fighting       | 3 |  3.2
Short Blades   | 3 |  3.2
Dodging        | |  2.4
Stealth        | |  2.4

Action                   || total
-------------------------++-------
Melee: Short sword       ||    62
       Bite              ||    14
 Stab: Sleeping          ||     3
Armor: Robe              ||     1
       Leather armour    ||    17
Dodge: Dodged            ||    31
Block: Buckler           ||     6

Table legend: (Time is in decaauts)
 A = Elapsed time spent in this place.
 B = Non-inter-level travel time spent in this place.
 C = Inter-level travel time spent in this place.
 D = Time resting spent in this place.
 E = Time spent auto-exploring this place.
 F = Levels seen in this place.
 G = Mean time per level.
                   A        B        C        D        E       F      G
               +--------+--------+--------+--------+--------+-----+--------+
         Total |   1238 |   1205 |     33 |    269 |    667 |   2 |  619.0 |
       Dungeon |   1238 |   1205 |     33 |    269 |    667 |   2 |  619.0 |
               +--------+--------+--------+--------+--------+-----+--------+

Top non-repeatable levels by time:
     D:1: 1146 daAuts
     D:2: 91 daAuts
